 Dungeon Crawl Stone Soup version 0.31-a0-1074-g0b22e4e0f1 (webtiles) character file.

Game seed: 14722595548909392311

29 grandjackal the Trooper (level 3, -1/37 HPs)
             Began as an Ogre Warper on Nov 29, 2023.
             Killed from afar by Sigmund (6 damage)
             ... with a magic dart
             ... on level 1 of the Dungeon.
             The game lasted 00:01:05 (972 turns).

grandjackal the Trooper (Ogre Warper)                Turns: 972, Time: 00:01:06

Health: -1/37      AC:  3    Str: 19 (21) XL:     3   Next: 16%
Magic:  7/7        EV:  9    Int: 15 (16) God:
Gold:   26         SH:  0    Dex:  7 (8)  Spells: 7/7 levels left

rFire   . . .        a - +0 mace
rCold   . . .        (no shield)
rNeg    . . .        b - +0 robe
rPois   .            (helmet restricted)
rElec   .            (no cloak)
rCorr   .            (gloves unavailable)
SInv    .            (boots unavailable)
Will    .....        (no amulet)
Stlth   +            h - +6 ring of strength
HPRegen 0.26/turn    (no ring)
MPRegen 0.10/turn

%: no passive effects
@: no status effects
A: large, unfitting armour, tough skin 1
a: no special abilities


You were on level 1 of the Dungeon.
You visited 1 branch of the dungeon, and saw 2 of its levels.

You collected 26 gold pieces.

Inventory:

Hand Weapons
 a - a +0 mace (weapon)
Missiles
 d - 7 darts of dispersal (quivered)
Armour
 b - a +0 robe (worn)
Jewellery
 h - a +6 ring of strength (left hand)
Scrolls
 c - 4 scrolls of blinking
 g - a scroll of silence {unknown}


   Skills:
 + Level 3.3 Fighting
 + Level 2.2 Maces & Flails
 - Level 1.0 Throwing
 - Level 2.1 Dodging
 + Level 2.9 Spellcasting
 + Level 3.0 Translocations


You had 7 spell levels left.
You didn't know any spells.
Your spell library contained the following spells:

 Spells                   Type           Power      Damage    Failure   Level
 Blink                    Tloc           22%        N/A       9%          2
 Lesser Beckoning         Tloc           22%        N/A       9%          2
 Teleport Other           Tloc           11%        N/A       17%         3
 Manifold Assault         Tloc           11%        N/A       50%         4
 Vhi's Electric Charge    Tloc/Air       12%        N/A       73%         4


Dungeon Overview and Level Annotations

Branches:
Dungeon (2/15)

Altars:

Annotations:
D:1 Sigmund


Innate Abilities, Weirdness & Mutations

You are too large for most types of armour.
You have tough skin. (AC +1)


Message History

There is a stone staircase leading down here.
You climb downwards.
Sigmund shouts!
You hear an angry hiss.
Found a glowing spear.
Found an escape hatch in the ceiling.
There is a stone staircase leading up here.
There are monsters nearby!
Okay, then.
Sigmund casts a spell at you. The magic dart hits you.
You climb upwards.
There is a stone staircase leading down here.
It was a potion of ambrosia.
You are confused.
You feel invigorated.
Sigmund mumbles some strange words.
Sigmund flickers and vanishes!
Deactivating autopickup; reactivate with Ctrl-A.
You hit something. Something hits you.
You sock something! Something hits you. Something hits you but does no damage.
There is a stone staircase leading down here.
You feel less invigorated.
You feel less confused. Something hits you.
You miss something.
It was a potion of degeneration.
There was something very wrong with that liquid.
You feel weakened.
You feel dopey.
You feel clumsy. Something hits you!
You barely miss something. Something hits you.
You hit something. Something hits you.
You hit something but do no damage. Something hits you!
You miss something. Something hits you!
* * * LOW HITPOINT WARNING * * *
You closely miss something. You sock something!
You hear some strange, mumbled words.
A magic dart appears from out of thin air!
The magic dart hits you.
You die...

#.......#####...####.#
#.##.##.
#..###...............#
#.##.##.
#..#.................#
#.##....
#....#...............#
#.#####.
#.......####.....#####
#.....#. #.##.##.# #.....#
#....... ##.......# #.....#
#####.## ......#### #...{.#
####.## #####.# ##...@>#
#...... #####.# #....###
#.##.#. ......# #.####
#.##.#. #.##### #.# #.##...
#.# ########.# #.####. #.#
#.....##.######## #.####. #.#
#.###.##.#......## #......
#.#
#.###.##.........###########.
..# #.#...)..#..#.........#
#.


There were no monsters in sight!

Vanquished Creatures
  A ball python (D:1)
  2 bats (D:1)
  2 endoplasms (D:1)
  2 giant cockroaches (D:1)
  4 hobgoblins (D:1)
  4 jackals (D:1)
  3 quokkas (D:1)
  A goblin (D:1)
  2 kobolds (D:1)
  3 rats (D:1)
24 creatures vanquished.

Notes
Turn   | Place    | Note
-------+----------+-------------------------------------------
     0 | D:1      | grandjackal the Ogre Warper began the quest for the Orb.
     0 | D:1      | Reached XP level 1. HP: 22/22 MP: 3/3
    64 | D:1      | Reached XP level 2. HP: 21/31 MP: 5/5
   607 | D:1      | Reached XP level 3. HP: 30/37 MP: 7/7
   956 | D:2      | Noticed Sigmund
   972 | D:1      | Killed from afar by Sigmund

Illustrated notes

Levels and vault maps discovered:
D:1:      dpeg_arrival_boxes_within_box, layout_loops_cross, minmay_cupped
D:2:      layout_rooms, kennysheep_boxes, uniq_sigmund

Skill      XL: |  1  2  3 |
---------------+----------+-----
Fighting       | 3 |  3.3
Maces & Flails | 2 |  2.2
Translocations | 3 |  3.0
Throwing       | |  1.0
Dodging        | |  2.1
Spellcasting   | |  2.9

Action                     || total
---------------------------++-------
  Melee: Mace              ||    91
         Punch             ||     1
    Use: Potion            ||     2
 Armour: Robe              ||    77
  Dodge: Dodged            ||    58

Table legend: (Time is in decaauts)
 A = Elapsed time spent in this place.
 B = Non-inter-level travel time spent in this place.
 C = Inter-level travel time spent in this place.
 D = Time resting spent in this place.
 E = Time spent auto-exploring this place.
 F = Levels seen in this place.
 G = Mean time per level.
                   A        B        C        D        E       F      G
               +--------+--------+--------+--------+--------+-----+--------+
         Total |    998 |    959 |     39 |    141 |    618 |   2 |  499.0 |
       Dungeon |    998 |    959 |     39 |    141 |    618 |   2 |  499.0 |
               +--------+--------+--------+--------+--------+-----+--------+

Top non-repeatable levels by time:
     D:1: 997 daAuts
     D:2: 1 daAuts
